 Dungeon Crawl Stone Soup version 0.31-a0-43-g46d131a48f (webtiles) character file.

Game seed: 4521549357786913732

81 senseless the Insei (level 4, -2/29 HPs)
             Began as an Octopode Transmuter on May 18, 2023.
             Killed by divine providence
             ... invoked by an orc priest
              (10 damage)
             ... on level 3 of the Dungeon.
             The game lasted 00:05:27 (2195 turns).

senseless the Insei (Octopode Transmuter)           Turns: 2195, Time: 00:05:28

Health: -2/29      AC:  5    Str: 11    XL:     4   Next: 42%
Magic:  7/7        EV: 13    Int: 15    God:
Gold:   44         SH:  0    Dex: 12    Spells: 5/8 levels left

rFire   . . .        f - +2 mace (drain)
rCold   . . .        (no shield)
rNeg    . . .        (helmet currently unavailable)
rPois   .            (no amulet)
rElec   .            k - +4 ring of protection
rCorr   .            (no ring)
SInv    .            (no ring)
Will    .....        (no ring)
Stlth   ++           (no ring)
HPRegen 0.24/turn    (no ring)
MPRegen 0.10/turn    (no ring)
                     (no ring)

%: no passive effects
@: appendages (expiring)
A: tentacle spike 3, almost no armour, amphibious, 8 rings, camouflage 1,
gelatinous body 1, (nimble swimmer 1), tentacles
a: End Transformation


You were on level 3 of the Dungeon.
One of your tentacles had grown a beastly spike.
You visited 1 branch of the dungeon, and saw 3 of its levels.

You collected 74 gold pieces.
You spent 30 gold pieces at shops.

Inventory:

Hand Weapons
 f - a +2 mace of draining (weapon)
Jewellery
 k - a +4 ring of protection (left tentacle)
Scrolls
 c - 2 scrolls of identify {unknown}
 d - a scroll of poison {unknown}
 g - 2 scrolls of teleportation {unknown}
 i - a scroll of noise {unknown}
 m - a scroll of fog {unknown}
Potions
 a - a potion of lignification
 b - 2 potions of invisibility {unknown}
 e - 2 potions of curing
 h - a potion of might {unknown}
 j - 4 potions of mutation {unknown}
 l - a potion of resistance {unknown}
 n - a potion of brilliance {unknown}


   Skills:
 + Level 1.9 Fighting
 + Level 2.6 Dodging
 + Level 3.4 Unarmed Combat
 + Level 2.5 Spellcasting
 + Level 2.7 Transmutations


You had 5 spell levels left.
You knew the following spells:

 Your Spells              Type           Power      Damage    Failure   Level
a - Beastly Appendage     Tmut           20%        N/A       7%          1
b - Wereblood             Tmut           10%        N/A       11%         2

Your spell library contained the following spells:

 Spells                   Type           Power      Damage    Failure   Level
 Spider Form              Tmut/Pois      5%         N/A       36%         3
 Portal Projectile        Hex/Tloc       2%         N/A       54%         3
 Tukima's Dance           Hex            1%         N/A       54%         3
 Ice Form                 Ice/Tmut       5%         N/A       77%         4
 Blade Hands              Tmut           5%         N/A       88%         5


Dungeon Overview and Level Annotations

Branches:
Dungeon (3/15)

Altars:
Vehumet

Shops:
D:3 !


Innate Abilities, Weirdness & Mutations

One of your tentacles has grown a beastly spike.
You cannot wear most types of armour.
You are amphibious.
You can wear up to eight rings at the same time.
Your skin changes colour to match your surroundings (Stealth+).
Your rubbery body absorbs attacks. (AC +1, EV +1)
((You are camouflaged when in or above water. (Stealth+)))
You have tentacles for arms and can constrict up to eight enemies at once.


Message History

You closely miss the hobgoblin. Your grab misses the hobgoblin.
The hobgoblin is heavily wounded.
The hobgoblin unwields a +0 shortbow.
The hobgoblin closely misses you. The orc closely misses you.
The hobgoblin barely misses you. The orc attacks as you move away!
The orc hits you with a +0 flail.
* * * LOW HITPOINT WARNING * * *
The hobgoblin attacks as you move away!
The hobgoblin hits you but does no damage.
You hit the orc. You drain the orc. Your grab misses the orc.
Your tentacle spike misses the orc.
The orc is severely wounded.
Your transformation is almost over.
The orc misses you.
You hit the orc.
You kill the orc!
The orc barely misses you.
You hit the orc. You grab the orc.
You pierce the orc, but do no damage.
The orc is heavily wounded.
You constrict the orc. The orc misses you.
You hit the orc.
The orc is almost dead.
You constrict the orc.
You kill the orc!
You barely miss the orc priest. You grab the orc priest.
You pierce the orc priest.
The orc priest is lightly wounded.
You constrict the orc priest.
The orc priest looks encouraged for a moment.
The orc priest invokes the aid of Beogh against you.
Pain shoots through your body!
* * * LOW HITPOINT WARNING * * *
You feel better.
You constrict the orc priest.
The orc priest hits you with a +0 falchion.
* * * LOW HITPOINT WARNING * * *
You thump the orc priest!
You pierce the orc priest.
The orc priest is severely wounded.
You constrict the orc priest.
The orc priest calls down the wrath of Beogh upon you.
Beogh smites you!
You die...

.. .... ...# .#
#.##.#._.#.######.# ..<.g........
..#.### #####
......#....###...... ....#
#.......!##.o...##. #.#.#
......o...#o.###. .##.######
#..##..wKo.<#... .........#
#.#####..#######...... ###>####.#
#....@og..# #..#.#. ###.####.#
#######o..# #......
....#....##### #...# #.#..##
...##........# #...# #.#.###
.†.##...#..#.#####o..######.... .
...##...#..#..............###.###
...............^............#.#
...##..#.#.#..............#.#.###
...##......#.#####...#####.......


You could see an orc priest, an orc and a hobgoblin.

Vanquished Creatures
  3 adders (D:2)
  A worm (D:2)
  2 dart slugs
  2 orcs (D:3)
  6 endoplasms
  A giant cockroach (D:1)
  2 goblins
  6 hobgoblins
  A quokka (D:1)
  6 ball pythons
  6 bats
  4 frilled lizards
  4 kobolds
  4 rats
48 creatures vanquished.

Notes
Turn   | Place    | Note
-------+----------+-------------------------------------------
     0 | D:1      | senseless the Octopode Transmuter began the quest for the
                  | Orb.
     0 | D:1      | Reached XP level 1. HP: 13/13 MP: 3/3
   231 | D:1      | Reached XP level 2. HP: 18/18 MP: 3/5
   650 | D:1      | Reached XP level 3. HP: 23/23 MP: 6/6
  1319 | D:2      | Reached XP level 4. HP: 29/29 MP: 7/7
  1690 | D:3      | Found Qatyn's Distillery.
  1694 | D:3      | Bought a potion of curing for 30 gold pieces
  1799 | D:2      | HP: 1/29 [poisoned by a kobold]
  2076 | D:3      | Learned a level 2 spell: Wereblood
  2178 | D:3      | Found a radiant altar of Vehumet.
  2195 | D:3      | Killed from afar by an orc priest

Illustrated notes

Levels and vault maps discovered:
D:1:      ldierk_walled_garden, layout_loops_cross, minmay_misc_feat_room
D:2:      layout_loops_ring, serial_aquarium, aquarium_bridge_square
          [aquarium_subvault_bridge, aquarium_subvault_window,
          aquarium_subvault_bridge, aquarium_subvault_wall], aquarium_window_1,
          aquarium_window_1, aquarium_window_1, aquarium_view_2a,
          aquarium_balcony_3b, aquarium_pool_five, grunt_ministairs_5
D:3:      layout_loops_cross, vehumet_altar_wand_db, serial_shops, shop

Action                     |  1- 3 |  4- 6 || total
---------------------------+-------+-------++-------
  Melee: Unarmed           |    13 |       ||    13
         Constrict         |    11 |     6 ||    17
         Tentacles         |     9 |     2 ||    11
         Kick              |     9 |     6 ||    15
         Mace              |    44 |    20 ||    64
         Punch             |     1 |     1 ||     2
   Cast: Beastly Appendage |    26 |     7 ||    33
    Use: Potion            |       |     2 ||     2
   Stab: Sleeping          |     7 |     1 ||     8
 Armour: Skin              |     7 |     5 ||    12
  Dodge: Dodged            |    41 |    15 ||    56

Table legend: (Time is in decaauts)
 A = Elapsed time spent in this place.
 B = Non-inter-level travel time spent in this place.
 C = Inter-level travel time spent in this place.
 D = Time resting spent in this place.
 E = Time spent auto-exploring this place.
 F = Levels seen in this place.
 G = Mean time per level.
                   A        B        C        D        E       F      G
               +--------+--------+--------+--------+--------+-----+--------+
         Total |   2219 |   2030 |    189 |    171 |   1521 |   3 |  739.7 |
       Dungeon |   2219 |   2030 |    189 |    171 |   1521 |   3 |  739.7 |
               +--------+--------+--------+--------+--------+-----+--------+

Top non-repeatable levels by time:
     D:2: 1103 daAuts
     D:1: 818 daAuts
     D:3: 298 daAuts
